[Event "IV Pullman Rapid 2022"]
[Site "Riga, Latvia"]
[Date "2022.02.19"]
[Round "8.4"]
[White "Levchenkov, Vitaly"]
[Black "Kretainis, Kristaps"]
[Result "0-1"]
[TimeControl "600+5"]
[WhiteTitle "FM"]
[WhiteElo "1958"]
[BlackElo "2157"]

1. e4 d6 2. d4 Nf6 3. Nc3 e5 4. dxe5 dxe5 5. Qxd8+ Kxd8 6. Bc4 Be6 7. Bxe6 fxe6 8. Nf3 Bd6 9. Bg5 a6 10. O-O-O Ke7 11. Bh4 h6 12. Bg3 Nc6 13. a3 g5 14.
h3 b5 15. Rhe1 Rhb8 16. Re2 a5 17. a4 bxa4 18. Nxa4 Rb4 19. Nc3 a4 20. Rde1 Rab8 21. Nd1 Nh5 22. Bh2 Nf4 23. Bxf4 exf4 24. e5 Bc5 25. Re4 a3 26. b3 Ra8 27. Kb1 a2+ 28. Ka1 Nd4 29. Nxd4 Bxd4+ 30. Nb2 Bxb2+ 31. Kxb2 Rxe4 0-1

[Event "IV Pullman Rapid 2022"]
[Site "Riga, Latvia"]
[Date "2022.02.19"]
[Round "9.1"]
[White "Shirov, Alexei"]
[Black "Jazdanovs, Aleksandrs"]
[Result "1-0"]
[TimeControl "600+5"]
[WhiteTitle "GM"]
[WhiteElo "2614"]
[BlackElo "1993"]

1. e4 c5 2. Nc3 d6 3. d4 cxd4 4. Qxd4 Nc6 5. Qd2 g6 6. b3 Bh6 7. f4 Nf6 8. Bb2 e5 9. g3 O-O 10.
O-O-O Bg4 11. Be2 Be6 12. Nf3 exf4 13. Kb1 Qb6 14. gxf4 Ne5 15. Ng5 Bxg5 16. fxg5 Nfg4 17. Qxd6 Qe3 18. h3 1-0

[Event "IV Pullman Rapid 2022"]
[Site "Riga, Latvia"]
[Date "2022.02.19"]
[Round "9.2"]
[White "Kretainis, Kristaps"]
[Black "Golubovskis, Maksims"]
[Result "1/2-1/2"]
[TimeControl "600+5"]
[BlackTitle "FM"]
[WhiteElo "2157"]
[BlackElo "2185"]

1. e4 c5 2. c3 Nf6 3.
e5 Nd5 4. g3 d6 5. exd6 Qxd6 6. Bg2 Nc6 7. Ne2 g6 8.
d4 cxd4 9. Nxd4 Qe5+ 10. Qe2 Qxe2+ 11. Nxe2 Be6 12. Nf4 Nxf4 13. Bxf4 Bg7 14. O-O O-O 15. Nd2 Rac8 16. Nb3 b6 17.
Rad1 Ne5 18. Nd4 Bxa2 19. Rfe1 Nc4 20. Ra1 e5 21. Nc6 Rxc6 22. Bxc6 exf4 23. Rxa2 fxg3 24. hxg3 Nxb2 25. Rxa7 Bxc3 26. Re3 Bd4 27. Rf3 Nc4 28. Bd5 Ne5 29. Rf4 Bc5 30.
Kg2 Kg7 31. Re4 Kf6 32. f4 Ng4 33. Bb3 Ne3+ 34. Kf3 Nf5 35. Ba2 h5 36. Rd7 Ng7 37. Rc7 Nf5 38. Kg2 Ne3+ 39. Kf3 Nf5 40. Ra4 Nd6 1/2-1/2

[Event "IV Pullman Rapid 2022"]
[Site "Riga, Latvia"]
[Date "2022.02.19"]
[Round "9.3"]
[White "Mustaps, Matiss"]
[Black "Savicevs, Arsenijs"]
[Result "1/2-1/2"]
[TimeControl "600+5"]
[WhiteTitle "FM"]
[WhiteElo "2393"]
[BlackElo "1955"]

1. e4 c5 2. Nf3 e6 3.
d4 cxd4 4. Nxd4 Nf6 5. Nc3 Nc6 6. Nxc6 bxc6 7. Bd3 d5 8. O-O Be7 9. e5 Nd7 10.
Re1 O-O 11. b3 a5 12. Na4 Ba6 13.
c4 dxc4 14. bxc4 Nc5 15. Nxc5 Bxc5 16. Be3 Bb4 17. Re2 Bc3 18. Rc1 Bxe5 19. Qc2 g6 20. Rd1 Qc7 21. h4 Qe7 22. h5 Qh4 23. g3 Qxh5 24. Kg2 Bg7 25.
Be4 Rac8 26. Rd7 Rfd8 27. Ra7 Ra8 28. Rxa8 Rxa8 29. Bxc6 Rc8 30. Bf3 Qf5 31. Be4 Qe5 32. Bf4 Qd4 33.
Rd2 Qxc4 34. Qxc4 Bxc4 35. a4 f5 36. Bb7 Rf8 37. Rd7 e5 38. Bd2 Be6 39. Re7 Bb3 40. Bc6 Rc8 41. Bb5 Bd5+ 42. Kh2 Ra8 43. Rd7 Bf3 44.
Bc4+ Kh8 45. Bb5 Bf6 46. Rf7 Bg7 47.
Rd7 Bf6 48. Kg1 Rd8 49. Bxa5 Rxd7 50. Bxd7 Kg7 51. Bb6 Kf7 52. a5 Ke7 53. Bc8 Ba8 54. a6 e4 55. Bb7 Bxb7 56. axb7 Be5 57. Ba7 e3 58. Bxe3 Bb8 59. Bf4 Ba7 60. b8=Q Bxb8 61. Bxb8 g5 62. Kg2 g4 63. Bf4 Ke6 64. Kf1 Kd5 65. Ke2 Ke4 66. Bh6 Kd4 67. Bf4 Ke4 68. Be3 h5 69. Bg5 Kd4 70. Bf4 Ke4 71. Be3 f4 72. Bxf4 h4 73. gxh4 Kxf4 74. Kf1 Kf5 75. Kg1 Kg6 76. Kh2 Kh6 77. Kg2 Kg6 78. Kg3 Kh5 79. f3 gxf3 80. Kxf3 Kxh4 81. Ke4 1/2-1/2

[Event "IV Pullman Rapid 2022"]
[Site "Riga, Latvia"]
[Date "2022.02.19"]
[Round "9.4"]
[White "Pogrebnojs, Dmitrijs"]
[Black "Smorodinskis, Igors"]
[Result "1/2-1/2"]
[TimeControl "600+5"]
[WhiteElo "1896"]
[BlackElo "2121"]

1. e4 Nf6 2. e5 Nd5 3.
c4 Nb6 4. d4 d6 5. f4 Bf5 6.
Nc3 dxe5 7. fxe5 e6 8. Nf3 Bb4 9. c5 Nd5 10. Qb3 b6 11. cxb6 axb6 12. Bd2 O-O 13. Bc4 Bxc3 14. bxc3 Nc6 15.
Bb5 Na5 16. Qd1 c6 17. Be2 b5 18. O-O Nb6 19. Qe1 Nac4 20. Bc1 Na3 21. Bxa3 Rxa3 22. Qc1 Qa8 23. Qb2 Qa4 24. Bd1 Nc4 25.
Bxa4 Nxb2 26. Bb3 Rfa8 27. Nd2 R3a7 28. c4 Bd3 29. Rfc1 bxc4 30. Nxc4 Nxc4 31. Bxc4 Bxc4 32. Rxc4
Rxa2 33. Rxa2 Rxa2 34. Rxc6 h5 35. h4 Rd2 36.
Rd6 Kh7 37. Kh2 Rd3 38. Kg1 Kg6 39.
Rd7 f6 40. Rd6 Kf5 41. exf6 gxf6 42. Kf2 Rd2+ 43. Kf3 Ra2 44. Rd8 Rd2 45. Rh8 Rxd4 46.
Rxh5+ Kg6 47. Rh8 Kg7 48. Rh5 Rd3+ 49. Kf2 e5 50. g4 Rd4 51. Kf3 Ra4 52. Rf5 Ra3+ 53. Kf2 Ra4 54. g5 fxg5 55. Rxg5+ Kf6 56. Rh5 Kg6 57.
Rxe5 Rxh4 58. Kg3 Ra4 59. Re3 Kf5 60. Rf3+ Kg5 61. Rc3 Ra5 62. Rb3 Rc5 63. Rd3 Rb5 1/2-1/2